 Dungeon Crawl Stone Soup version 0.27-a0-1290-g15d3ce7508 (webtiles) character file.

Game seed: 14056974527719624702

30 27snakeeyes612 the Skirmisher (level 3, 0/20 HPs)
             Began as a Vine Stalker Fighter on June 15, 2021.
             Slain by a worm (7 damage)
             ... on level 3 of the Dungeon.
             The game lasted 00:00:53 (1165 turns).

27snakeeyes612 the Skirmisher (VSFi)                Turns: 1165, Time: 00:00:53

Health: 0/20       AC:  9    Str: 19    XL:     3   Next: 18%
Magic:  0/4        EV:  7    Int:  8    God:
Gold:   65         SH:  9    Dex: 13    Spells: 2/2 levels left

rFire    . . .     SeeInvis .   a - +0 flail
rCold    . . .     Faith    .   c - +0 kite shield
rNeg     . . .     Spirit   +   b - +0 scale mail
rPois    .         Reflect  .   e - +0 helmet
rElec    .         Harm     .   (no cloak)
rCorr    .         Rampage  .   g - +0 pair of gloves
Will     .....                  (no boots)
Stlth    ..........             (no amulet)
HPRegen  0.06/turn              (no ring)
MPRegen  0.09/turn              (no ring)

@: no status effects
A: fangs 2, magic shield, antimagic bite, no potion heal 2
a: no special abilities


You were on level 3 of the Dungeon.
You visited 1 branch of the dungeon, and saw 3 of its levels.

You collected 65 gold pieces.

Inventory:

Hand Weapons
 a - a +0 flail (weapon)
Armour
 b - a +0 scale mail (worn)
 c - a +0 kite shield (worn)
 e - a +0 helmet (worn)
 g - a +0 pair of gloves (worn)
Scrolls
 f - a scroll of silence {unknown}
 k - a scroll of magic mapping {unknown}
Potions
 d - a potion of might
 h - a potion of brilliance {unknown}
 i - a potion of magic {unknown}
 j - a potion of lignification {unknown}


   Skills:
 + Level 3.0 Fighting
 + Level 2.1 Maces & Flails
 + Level 2.8 Armour
 + Level 2.9 Shields


You had 2 spell levels left.
You didn't know any spells.
Your spell library was empty.

Dungeon Overview and Level Annotations

Branches:
Dungeon (2/15)

Altars:

Shops:
D:1 !


Innate Abilities, Weirdness & Mutations

You have extremely sharp teeth.
When hurt, damage is shared between your health and your magic reserves.
Your bite disrupts and absorbs the magic of your enemies.
Potions cannot restore your health.


Message History

A ball python and a worm come into view.
There are monsters nearby!
There are monsters nearby!
There are monsters nearby!
You barely miss the worm. The worm barely misses you.
You hit the worm but do no damage. Your bite misses the worm.
The ball python bites you but does no damage.
You block the ball python's attack.
You barely miss the worm. You block the ball python's attack. x2
The worm bites you! You block the ball python's attack.
The ball python grabs you. The ball python constricts you.
Your shield prevents you from hitting the ball python.
You bite the ball python.
You kill the ball python!
You block the worm's attack.
You barely miss the worm. The worm bites you!
You are too injured to fight recklessly!
You are too injured to fight recklessly!
You are too injured to fight recklessly!
You are too injured to fight recklessly!
You are too injured to fight recklessly!
You are too injured to fight recklessly!
You are too injured to fight recklessly!
You are too injured to fight recklessly!
You are too injured to fight recklessly!
You are too injured to fight recklessly!
You are too injured to fight recklessly!
You are too injured to fight recklessly!
You are too injured to fight recklessly!
You are too injured to fight recklessly!
You are too injured to fight recklessly!
Unknown command.
Unknown command.
You hit the worm. Your bite misses the worm.
The worm is lightly wounded.
You block the worm's attack.
You hit the worm. Your bite misses the worm.
The worm is lightly wounded.
The worm bites you!
You die...

.. .# .#
##########.##
#...........#
#...........#
#.......w...#
#.......@...#
#...........#
#...........#
#...?......(#
#...........#
#...........#
#.....$.....#
########......
######..


You could see a worm.

Vanquished Creatures
  A dart slug (D:1)
  5 endoplasms
  2 giant cockroaches (D:1)
  A hobgoblin (D:1)
  A quokka (D:1)
  3 ball pythons
  2 bats (D:1)
  2 frilled lizards (D:1)
  2 goblins (D:1)
  4 kobolds (D:1)
  4 rats
27 creatures vanquished.

Notes
Turn   | Place    | Note
-------+----------+-------------------------------------------
     0 | D:1      | 27snakeeyes612 the Vine Stalker Fighter began the quest for
                  | the Orb.
     0 | D:1      | Reached XP level 1. HP: 11/11 MP: 2/2
   233 | D:1      | Reached XP level 2. HP: 16/16 MP: 3/3
   250 | D:1      | Found Pachopt's Distillery.
   853 | D:1      | Reached skill level 3 in Fighting
   853 | D:1      | Reached XP level 3. HP: 20/20 MP: 4/4
  1156 | D:2      | You fall into a shaft and drop 1 floor!
  1165 | D:3      | Slain by a worm

Illustrated notes

Levels and vault maps discovered:
D:1:      roderic_octagonal_star, layout_basic, serial_shops,
          nicolae_shop_waterfront, chequers_garden, minmay_heptomino_o4
D:2:      layout_basic, ebering_ecumenical_altar_mist
D:3:      layout_basic, portal_sewer_entry_a, uniq_grinder, uniq_ijyb,
          uniq_natasha

Skill      XL: |  1  2 |
---------------+-------+-----
Maces & Flails | 2 |  2.1
Fighting       | 3 |  3.0
Armour         | |  2.8
Shields        | |  2.9

Action                   || total
-------------------------++-------
Melee: Flail             ||    89
       Bite              ||    25
Armor: Scale mail        ||    36
Dodge: Dodged            ||    26
Block: Kite shield       ||    49

Table legend: (Time is in decaauts)
 A = Elapsed time spent in this place.
 B = Non-inter-level travel time spent in this place.
 C = Inter-level travel time spent in this place.
 D = Time resting spent in this place.
 E = Time spent auto-exploring this place.
 F = Levels seen in this place.
 G = Mean time per level.
                   A        B        C        D        E       F      G
               +--------+--------+--------+--------+--------+-----+--------+
         Total |   1215 |   1194 |     21 |      0 |    951 |   3 |  405.0 |
       Dungeon |   1215 |   1194 |     21 |      0 |    951 |   3 |  405.0 |
               +--------+--------+--------+--------+--------+-----+--------+

Top non-repeatable levels by time:
     D:1: 1096 daAuts
     D:2: 106 daAuts
     D:3: 12 daAuts
